 Dungeon Crawl Stone Soup version 0.31.0-11-ge490571c62 (webtiles) character file.

Game seed: 12029152787525503516

461 qw the Ducker (level 6, -7/30 HPs)
             Began as a Spriggan Hunter on Feb 3, 2024.
             Mangled by Duvessa
             ... wielding a +0 short sword
              (11 damage)
             ... on level 4 of the Dungeon.
             The game lasted 00:00:13 (2311 turns).

qw the Ducker (Spriggan Hunter)                     Turns: 2311, Time: 00:00:13

Health: -7/30      AC:  2    Str:  7    XL:     6   Next: 79%
Magic:  7/7        EV: 23    Int: 10    God:
Gold:   212        SH:  0    Dex: 21    Spells: 5/5 levels left

rFire   . . .        b - +0 orcbow
rCold   . . .        (shield currently unavailable)
rNeg    . . .        c - +0 robe
rPois   .            (helmet restricted)
rElec   .            (no cloak)
rCorr   .            (gloves unavailable)
SInv    +            (boots unavailable)
Will    +....        (no amulet)
Stlth   +            (no ring)
HPRegen 0.25/turn    (no ring)
MPRegen 0.10/turn

%: no passive effects
@: lit by a corona, glowing, very quick
A: very small, no large weapons, unfitting armour, see invisible, speed 3
a: no special abilities


You were on level 4 of the Dungeon.
You visited 1 branch of the dungeon, and saw 4 of its levels.

You collected 212 gold pieces.


Innate Abilities, Weirdness & Mutations

You are very small and have problems with some larger weapons.
You are too small for most types of armour.
You have supernaturally acute eyesight. (SInv)
You cover ground extremely quickly. (Speed+++)


   Skills:
 - Level 2.0 Fighting
 + Level 5.9 Ranged Weapons
 - Level 7.5 Dodging
 - Level 1.5 Stealth


You had 5 spell levels left.
You didn't know any spells.
Your spell library was empty.

Inventory:

Hand Weapons
 b - a +0 orcbow (weapon)
Armour
 c - a +0 robe (worn)
Jewellery
 h - an amulet of faith
Wands
 f - a wand of flame (21)
 g - a wand of roots (4)
Scrolls
 j - 2 scrolls of enchant armour
Potions
 a - 3 potions of curing
 d - a potion of attraction {unknown}
 e - a potion of degeneration {unknown}
 i - a potion of haste {unknown}

Dungeon Overview and Level Annotations

Branches:
Dungeon (4/15)
 Temple: D:4-7

Altars:
Cheibriados
Qazlal
Zin

Annotations:
D:3 1 runed translucent door, Crazy Yiuf
D:4 Dowan, Duvessa


Message History

Dowan blinks!
You shoot an arrow. The arrow hits the sleepcap.
The sleepcap is almost destroyed.
The sleepcap completely misses you. x2
You shoot an arrow. The arrow hits the sleepcap!
You destroy the sleepcap!
Dowan gestures wildly while chanting.
Dowan blinks!
You shoot an arrow. The arrow hits the endoplasm!
You kill the endoplasm!
Dowan gestures at you while chanting.
You are outlined in light.
You shoot an arrow. The arrow barely misses Dowan.
Duvessa, Sister of Dowan comes into view.
She is wielding a +0 short sword.
You shoot an arrow.
Duvessa shouts!
The arrow hits Dowan but does no damage.
You shoot an arrow. The arrow hits Dowan.
Dowan is lightly wounded.
You shoot an arrow. The arrow barely misses Dowan.
You shoot an arrow. The arrow hits Dowan.
Dowan is moderately wounded.
You shoot an arrow. The arrow hits Dowan!
Dowan is severely wounded.
Dowan casts a spell at you. The puff of frost hits you!
You shoot an arrow. The arrow hits Dowan.
Dowan is almost dead.
Dowan barely misses you.
You shoot an arrow. The arrow completely misses Dowan.
Dowan hits you with a +0 dagger.
You shoot an arrow. The arrow barely misses Duvessa.
Duvessa gestures with her weapon.
Duvessa closely misses you.
You shoot an arrow. The arrow hits Duvessa!
Duvessa is moderately wounded.
Duvessa hits you with a +0 short sword!
You shoot an arrow. The arrow barely misses Duvessa.
Duvessa hits you with a +0 short sword!
You die...

#.#.#.#.#.##
.#.#.#.#..#
#.#.#.#.#.#
.#.#.#.>.##
#.#.#.#.##
.#.#.#.#.#
.#.#.#%##
#[#.#.#.#
#.#.#.#@##
#.#.#.#%#e......
#.#.#....
.......
.#.#.#..e
.[..... .#.#+...
....... .# #...
....... ....
....... .#...
.......


You could see Duvessa and Dowan.

Vanquished Creatures
  Grinder (D:3)
  Terence (D:3)
  A sleepcap (D:4)
  Natasha (thrice) (D:3)
  3 gnolls (D:2)
  4 adders
  2 dart slugs
  3 ribbon worms
  2 orcs (D:3)
  5 ball pythons
  4 endoplasms
  2 giant cockroaches
  7 hobgoblins
  3 jackals (D:1)
  3 quokkas
  2 bats
  A frilled lizard (D:1)
  9 goblins
  5 kobolds
  3 rats
64 creatures vanquished.

Notes
Turn   | Place    | Note
-------+----------+-------------------------------------------
     0 | D:1      | qw the Spriggan Hunter began the quest for the Orb.
     0 | D:1      | Reached XP level 1. HP: 10/10 MP: 2/2
     0 | D:1      | 0 ||| qw: Version: 0.3-a-157-g843a77d
     0 | D:1      | 0 ||| qw: Game counter: 3816
     0 | D:1      | 0 ||| qw: Melee chars always use a shield: true
     0 | D:1      | 0 ||| qw: God list: Okawaru
     0 | D:1      | 0 ||| qw: Allow faded altars: false
     0 | D:1      | 0 ||| qw: Do Orc after clearing Dungeon:15 true
     0 | D:1      | 0 ||| qw: Do second Lair branch before Depths: true
     0 | D:1      | 0 ||| qw: Lair rune preference: random
     0 | D:1      | 0 ||| qw: Goals: Normal
     0 | D:1      | 0 ||| PLANNING D:1-11
    37 | D:1      | Reached skill level 3 in Dodging
   184 | D:1      | Reached XP level 2. HP: 14/14 MP: 3/3
   455 | D:1      | Reached skill level 4 in Dodging
   725 | D:1      | 725 ||| READING scroll labelled SOOVIEW XUPNA.
   725 | D:1      | 725 ||| ENCHANTING +0 shortbow.
   726 | D:1      | 726 ||| READING scroll labelled DUCIEPIATE.
   727 | D:1      | 727 ||| READING scroll labelled JYTZOE VEEDWU.
   727 | D:1      | 727 ||| IDENTIFYING white potion
   728 | D:1      | 728 ||| DROPPING scroll of butterflies.
   781 | D:2      | Reached XP level 3. HP: 15/18 MP: 4/4
  1086 | D:2      | Found a faded altar of an unknown god.
  1127 | D:2      | 1127 ||| RETREEEEATING.
  1129 | D:2      | 1129 ||| RETREEEEATING.
  1131 | D:2      | 1131 ||| RETREEEEATING.
  1134 | D:2      | 1134 ||| RETREEEEATING.
  1136 | D:2      | 1136 ||| RETREEEEATING.
  1138 | D:2      | Reached XP level 4. HP: 20/22 MP: 5/5
  1298 | D:2      | 1298 ||| READING scroll of identify.
  1298 | D:2      | 1298 ||| IDENTIFYING orange potion
  1299 | D:2      | 1299 ||| READING scroll labelled DUHOGO SAOPO.
  1304 | D:2      | 1304 ||| READING scroll labelled ANUTATR RABISS.
  1305 | D:2      | 1305 ||| READING scroll labelled OZUDGHA ITISEH ERGH.
  1306 | D:2      | 1306 ||| READING scroll labelled SOVAPROIBE.
  1308 | D:2      | 1308 ||| Stepping ~*~*~tactically~*~*~ (cloud).
  1309 | D:2      | 1309 ||| DRINKING potion of curing.
  1309 | D:2      | 1309 ||| (to cure poison)
  1311 | D:2      | 1311 ||| Stepping ~*~*~tactically~*~*~ (cloud).
  1378 | D:3      | Noticed Grinder
  1388 | D:3      | Killed Grinder
  1389 | D:3      | Reached skill level 7 in Dodging
  1389 | D:3      | Reached XP level 5. HP: 25/25 MP: 6/6
  1389 | D:3      | Reached XP level 6. HP: 30/30 MP: 7/7
  1399 | D:3      | 1399 ||| SWAPPING to +0 orcbow.
  1400 | D:3      | 1400 ||| DROPPING +0 shortbow.
  1471 | D:3      | Noticed Natasha
  1473 | D:3      | Killed Natasha
  1513 | D:3      | Found a runed translucent door.
  1514 | D:3      | Noticed Crazy Yiuf
  1639 | D:3      | Found a snail-covered altar of Cheibriados.
  1639 | D:3      | Found a stormy altar of Qazlal.
  1641 | D:3      | Found a glowing silver altar of Zin.
  1722 | D:3      | Noticed Natasha
  1731 | D:3      | 1731 ||| RETREEEEATING.
  1736 | D:3      | Killed Natasha
  1739 | D:3      | HP: 7/30 [hobgoblin (3)]
  1740 | D:3      | 1740 ||| DRINKING 2 potions of heal wounds.
  1838 | D:3      | Noticed Terence
  1853 | D:3      | HP: 6/30 [Terence/+1 heavy flail (14)]
  1854 | D:3      | 1854 ||| DRINKING potion of heal wounds.
  1858 | D:3      | Killed Terence
  1924 | D:3      | Noticed Natasha
  1926 | D:3      | HP: 3/30 [Natasha/puff of flame (11)]
  1930 | D:3      | Killed Natasha
  2042 | D:3      | 2042 ||| READING scroll labelled YKUKKIXZUTO.
  2143 | D:3      | 2143 ||| READING scroll labelled USTUIPLUSHRA.
  2144 | D:3      | 2144 ||| DRINKING 2 silvery potions.
  2145 | D:3      | 2145 ||| DROPPING potion of brilliance.
  2294 | D:4      | Noticed Dowan
  2301 | D:4      | Noticed Duvessa
  2310 | D:4      | HP: 4/30 [Duvessa/+0 short sword (12)]
  2311 | D:4      | Mangled by Duvessa

Levels and vault maps discovered:
D:1:      eino_arrival_water_cross, layout_basic
D:2:      layout_rooms, shapermc_ecumenical_altar_acropolis, nicolae_titane
D:3:      layout_rooms, gammafunk_temple_overflow_forgotten, uniq_terence,
          uniq_grinder, uniq_crazy_yiuf_cottage, uniq_natasha
D:4:      layout_basic, gammafunk_ghost_nasty_kobolds,
          chequers_serial_rivers_large_b, uniq_duvessa

Skill      XL: |  1  2  3  4  5  6 |
---------------+-------------------+-----
Dodging        | 3 4 7 |  7.5
Ranged Weapons | 5 |  5.9
Fighting       | 2 |  2.0
Stealth        | |  1.5

Action                     |  1- 3 |  4- 6 || total
---------------------------+-------+-------++-------
   Fire: Shortbow          |   114 |    22 ||   136
         Orcbow            |       |   111 ||   111
    Use: Scroll            |     3 |     7 ||    10
         Potion            |       |     4 ||     4
 Armour: Robe              |     7 |    25 ||    32
  Dodge: Dodged            |    25 |    49 ||    74

Table legend:
 A = Non-vault XP
 B = Vault XP
 C = Vault XP percentage of total XP
 D = Non-vault monster count
 E = Vault monster count
 F = Vault count percentage of total count
                 A         B        C        D         E       F
            +---------+---------+-------+---------+---------+-------
      Total |     309 |     350 |  53.1 |      61 |       3 |   4.7
            +---------+---------+-------+---------+---------+-------
        D:1 |      35 |       0 |   0.0 |      20 |       0 |   0.0
        D:2 |      99 |       0 |   0.0 |      19 |       0 |   0.0
        D:3 |     110 |     350 |  76.1 |      14 |       3 |  17.6
        D:4 |      65 |       0 |   0.0 |       8 |       0 |   0.0
            +---------+---------+-------+---------+---------+-------
